BSA
HOUSTON MARSHALS @ KANSAS CITY KINGS
09/29/2026
 
TOP OF THE 1ST
Toronto Titans batting - Pitching for Kansas City Kings : LHP Jesús López
Pitching: LHP Jesús López
Batting: SHB Ramón Lugo 0-0: Called Strike
0-1: Ball
1-1: Ball
2-1: Ball
3-1: Called Strike
3-2: Base on Balls
Batting: LHB Lewis Barr 0-0: Ball
1-0: Foul Ball, location: 2F
1-1: Grounds into double play, 4-6-3 (Groundball, 34)
Batting: LHB José Rodríguez 0-0: Ground out 3-1 (Groundball, 34)
Top of the 1st over - 0 run(s), 0 hit(s), 0 error(s), 0 left on base; Toronto 0 - Kansas City 0
BOTTOM OF THE 1ST
Kansas City Kings batting - Pitching for Toronto Titans : RHP Ralph Willaims
Pitching: RHP Ralph Willaims
Batting: LHB Brian Boone 0-0: Foul Ball, location: 2F
0-1: Ball
1-1: Called Strike
1-2: Ball
2-2: Ground out 5-3 (Groundball, 56)
Batting: SHB Víctor Serrano 0-0: Ball
1-0: Fly out, F6 (Popup, 6MD)
Batting: RHB Toshimichi Kono 0-0: Swinging Strike
0-1: Ball
1-1: Ground out 4-3 (Groundball, 4M)
Bottom of the 1st over - 0 run(s), 0 hit(s), 0 error(s), 0 left on base; Toronto 0 - Kansas City 0
TOP OF THE 2ND
Toronto Titans batting - Pitching for Kansas City Kings : LHP Jesús López
Batting: LHB Roberto García 0-0: Ball
1-0: Ground out 6-3 (Groundball, 6M)
Batting: LHB Matt Smith 0-0: Ball
1-0: Ball
2-0: Foul Ball, location: 2F
2-1: Foul Ball, location: 2F
2-2: Foul Ball, location: 2F
2-2: Strikes out looking
Batting: RHB Cordell Gibson 0-0: Called Strike
0-1: Called Strike
0-2: Ball
1-2: Ball
2-2: Ball
3-2: Foul Ball, location: 2F
3-2: Fly out, F7 (Line Drive, 78M)
Top of the 2nd over - 0 run(s), 0 hit(s), 0 error(s), 0 left on base; Toronto 0 - Kansas City 0
BOTTOM OF THE 2ND
Kansas City Kings batting - Pitching for Toronto Titans : RHP Ralph Willaims
Batting: LHB Pablo Reyes 0-0: Ball
1-0: SOLO HOME RUN (Flyball, 9D), Distance : 387 ft
Batting: RHB Chris Chandler 0-0: Ball
1-0: Ball
2-0: Foul Ball, location: 2F
2-1: Ball
3-1: Called Strike
3-2: SOLO HOME RUN (Flyball, 78XD), Distance : 374 ft
Batting: RHB Dave Parker 0-0: Foul Ball, location: 2F
0-1: Ball
1-1: Fly out, F8 (Flyball, 8RD)
Batting: RHB Adrian Prouse 0-0: Ground out 6-3 (Groundball, 56)
Batting: LHB Vic Robertson 0-0: Ball
1-0: Ball
2-0: Fly out, F8 (Popup, 8LS)
Bottom of the 2nd over - 2 run(s), 2 hit(s), 0 error(s), 0 left on base; Toronto 0 - Kansas City 2
TOP OF THE 3RD
Toronto Titans batting - Pitching for Kansas City Kings : LHP Jesús López
Batting: RHB Pedro Rosado 0-0: Called Strike
0-1: Ground out 2-3 (Groundball, 2R)
Batting: LHB Kent MacDulothe 0-0: Swinging Strike
0-1: Ball
1-1: Swinging Strike
1-2: Strikes out swinging
Batting: RHB Jim Tracy 0-0: Foul Ball, location: 2F
0-1: Ball
1-1: Foul Ball, location: 2F
1-2: Foul Ball, location: 2F
1-2: Strikes out looking
Top of the 3rd over - 0 run(s), 0 hit(s), 0 error(s), 0 left on base; Toronto 0 - Kansas City 2
BOTTOM OF THE 3RD
Kansas City Kings batting - Pitching for Toronto Titans : RHP Ralph Willaims
Batting: RHB Matt Richards 0-0: Ball
1-0: Ball
2-0: Called Strike
2-1: Ground out 6-3 (Groundball, 6M)
Batting: LHB Brian Boone 0-0: Ball
1-0: Ball
2-0: Foul Ball, location: 2F
2-1: Ground out 4-3 (Groundball, 4)
Batting: SHB Víctor Serrano 0-0: Called Strike
0-1: Ground out 5-3 (Groundball, 5D)
Bottom of the 3rd over - 0 run(s), 0 hit(s), 0 error(s), 0 left on base; Toronto 0 - Kansas City 2
TOP OF THE 4TH
Toronto Titans batting - Pitching for Kansas City Kings : LHP Jesús López
Batting: SHB Ramón Lugo 0-0: Ball
1-0: Foul Ball, location: 2F
1-1: Ball
2-1: Swinging Strike
2-2: Strikes out swinging
Batting: LHB Lewis Barr 0-0: Called Strike
0-1: Ball
1-1: Ball
2-1: Ball
3-1: SINGLE (Line Drive, 6)
Batting: LHB José Rodríguez 0-0: SINGLE (Groundball, 4MD)
Lewis Barr to second
Batting: LHB Roberto García 0-0: Ball
1-0: Ball
2-0: Ball
3-0: Called Strike
3-1: Fly out, F7 (Flyball, 7D)
Runner from 2nd tags up, SAFE at 3rd, no throw
Batting: LHB Matt Smith 0-0: Ball
1-0: Ground out 4-3 (Groundball, 4)
Top of the 4th over - 0 run(s), 2 hit(s), 0 error(s), 2 left on base; Toronto 0 - Kansas City 2
BOTTOM OF THE 4TH
Kansas City Kings batting - Pitching for Toronto Titans : RHP Ralph Willaims
Batting: RHB Toshimichi Kono 0-0: Called Strike
0-1: Ball
1-1: Swinging Strike
1-2: Fly out, F8 (Flyball, 8LM)
Batting: LHB Pablo Reyes 0-0: Ball
1-0: SINGLE (Flyball, 7LS)
Batting: RHB Chris Chandler 0-0: Foul Ball, location: 2F
0-1: Foul Ball, location: 2F
0-2: Ball
1-2: SINGLE (Groundball, 34)
Pablo Reyes to second
Pablo Reyes to third
Batting: RHB Dave Parker 0-0: Ball
1-0: Called Strike
1-1: Ball
2-1: Ground out 3-1 (Groundball, 34)
Pablo Reyes scores
Chris Chandler to second
Batting: RHB Adrian Prouse 0-0: Ball
1-0: Ground out 6-3 (Groundball, 6M)
Bottom of the 4th over - 1 run(s), 2 hit(s), 0 error(s), 1 left on base; Toronto 0 - Kansas City 3
TOP OF THE 5TH
Toronto Titans batting - Pitching for Kansas City Kings : LHP Jesús López
Batting: RHB Cordell Gibson 0-0: Foul Ball, location: 2F
0-1: SINGLE (Groundball, 4MD)
Batting: RHB Pedro Rosado 0-0: SINGLE (Line Drive, 56)
Cordell Gibson to second
Batting: LHB Kent MacDulothe 0-0: Ball
1-0: Called Strike
1-1: Ball
2-1: Called Strike
2-2: Ball
3-2: Foul Ball, location: 2F
3-2: Ground out 4-3 (Groundball, 4M)
Cordell Gibson to third
Pedro Rosado to second
Batting: RHB Jim Tracy 0-0: Ball
1-0: Ball
2-0: Ball
3-0: Base on Balls
Batting: SHB Ramón Lugo 0-0: Foul Ball, location: 2F
0-1: Called Strike
0-2: Ball
1-2: Ball
2-2: DOUBLE (Groundball, 5L)
Cordell Gibson scores
Pedro Rosado scores
Jim Tracy to third
Batting: LHB Lewis Barr 0-0: Ball
1-0: Ball
2-0: Called Strike
2-1: Ball
3-1: Fly out, F6 (Popup, 6MD)
Batting: LHB José Rodríguez 0-0: Called Strike
0-1: Ground out 4-3 (Groundball, 34)
Top of the 5th over - 2 run(s), 3 hit(s), 0 error(s), 2 left on base; Toronto 2 - Kansas City 3
BOTTOM OF THE 5TH
Kansas City Kings batting - Pitching for Toronto Titans : RHP Ralph Willaims
Batting: LHB Vic Robertson 0-0: Ball
1-0: Ball
2-0: Foul Ball, location: 2F
2-1: Ball
3-1: Ground out 3-1 (Groundball, 34)
Batting: RHB Matt Richards 0-0: Ball
1-0: Called Strike
1-1: Ball
2-1: Foul Ball, location: 2F
2-2: Ball
3-2: Ground out 1-3 (Groundball, 23)
Batting: LHB Brian Boone 0-0: Ball
1-0: Ball
2-0: Foul Ball, location: 2F
2-1: Ground out 1-3 (Groundball, 2R)
Bottom of the 5th over - 0 run(s), 0 hit(s), 0 error(s), 0 left on base; Toronto 2 - Kansas City 3
TOP OF THE 6TH
Toronto Titans batting - Pitching for Kansas City Kings : LHP Jesús López
Batting: LHB Roberto García 0-0: Ball
1-0: Ball
2-0: Ball
3-0: Base on Balls
Batting: LHB Matt Smith 0-0: Swinging Strike
0-1: Swinging Strike
0-2: Grounds into double play, 4-6-3 (Groundball, 4)
Batting: RHB Cordell Gibson 0-0: Ball
1-0: Called Strike
1-1: Foul Ball, location: 2F
1-2: DOUBLE (Flyball, 8LD)
Batting: RHB Pedro Rosado 0-0: Ball
1-0: Ball
2-0: Called Strike
2-1: Ball
3-1: Foul Ball, location: 2F
3-2: Base on Balls
Batting: LHB Kent MacDulothe 0-0: Called Strike
0-1: Ball
1-1: Fly out, F3 (Popup, 23F)
Top of the 6th over - 0 run(s), 1 hit(s), 0 error(s), 2 left on base; Toronto 2 - Kansas City 3
BOTTOM OF THE 6TH
Kansas City Kings batting - Pitching for Toronto Titans : RHP Ralph Willaims
Batting: SHB Víctor Serrano 0-0: Foul Ball, location: 2F
0-1: Ball
1-1: Ball
2-1: Foul Ball, location: 2F
2-2: Ground out 6-3 (Groundball, 6M)
Batting: RHB Toshimichi Kono 0-0: Foul Ball, location: 2F
0-1: SOLO HOME RUN (Flyball, 7D), Distance : 371 ft
Batting: LHB Pablo Reyes 0-0: Ball
1-0: Foul Ball, location: 2F
1-1: Fly out, F7 (Flyball, 7S)
Batting: RHB Chris Chandler 0-0: Ball
1-0: Called Strike
1-1: Ball
2-1: Ball
3-1: Foul Ball, location: 2F
3-2: Base on Balls
Pitching: RHP Howard Green
Batting: RHB Dave Parker 0-0: Ball
Throwing error on steal attempt, E2
Chris Chandler to third
1-0: Ball
2-0: Ball
3-0: Called Strike
3-1: Base on Balls
Batting: RHB Adrian Prouse 0-0: Fly out, F8 (Flyball, 8LM)
Bottom of the 6th over - 1 run(s), 1 hit(s), 1 error(s), 2 left on base; Toronto 2 - Kansas City 4
TOP OF THE 7TH
Toronto Titans batting - Pitching for Kansas City Kings : LHP Jesús López
Pitching: RHP Norman White
Batting: RHB Jim Tracy 0-0: Swinging Strike
0-1: Ball
1-1: Foul Ball, location: 2F
1-2: Foul Ball, location: 2F
1-2: Ball
2-2: Ball
3-2: Ground out 4-3 (Groundball, 4)
Batting: SHB Ramón Lugo 0-0: Foul Ball, location: 2F
0-1: Ball
1-1: Ground out 6-3 (Groundball, 6)
Batting: LHB Lewis Barr 0-0: Ball
1-0: Foul Ball, location: 2F
1-1: SINGLE (Line Drive, 9LS)
Pitching: LHP Víctor Soto
Batting: LHB José Rodríguez 0-0: Ball
Pickoff Throw to First - Out!
Top of the 7th over - 0 run(s), 1 hit(s), 0 error(s), 0 left on base; Toronto 2 - Kansas City 4
BOTTOM OF THE 7TH
Kansas City Kings batting - Pitching for Toronto Titans : RHP Howard Green
Batting: LHB Vic Robertson 0-0: Ball
1-0: Ball
2-0: Ground out 4-3 (Groundball, 4)
Batting: RHB Matt Richards 0-0: Ball
1-0: Called Strike
1-1: Foul Ball, location: 2F
1-2: Strikes out swinging
Batting: LHB Brian Boone 0-0: Ball
1-0: Ground out 4-3 (Groundball, 4)
Bottom of the 7th over - 0 run(s), 0 hit(s), 0 error(s), 0 left on base; Toronto 2 - Kansas City 4
TOP OF THE 8TH
Toronto Titans batting - Pitching for Kansas City Kings : LHP Víctor Soto
Batting: LHB José Rodríguez 0-0: Called Strike
0-1: Ground out 4-3 (Groundball, 34)
Batting: LHB Roberto García 0-0: Swinging Strike
0-1: Swinging Strike
0-2: Foul Ball, location: 2F
0-2: Fly out, F7 (Flyball, 78S)
Pitching: RHP Alonso Jiménez
Batting: LHB Matt Smith 0-0: Ground out 6-3 (Groundball, 56)
Top of the 8th over - 0 run(s), 0 hit(s), 0 error(s), 0 left on base; Toronto 2 - Kansas City 4
BOTTOM OF THE 8TH
Kansas City Kings batting - Pitching for Toronto Titans : RHP Howard Green
Batting: SHB Víctor Serrano 0-0: Foul Ball, location: 2F
0-1: Foul Ball, location: 2F
0-2: Ball
1-2: Ball
2-2: SINGLE (Line Drive, 34)
Pitching: RHP Juan Nieto
Batting: RHB Toshimichi Kono 0-0: Grounds into double play, 6-4-3 (Groundball, 6)
Batting: LHB Pablo Reyes 0-0: Ball
1-0: SINGLE (Line Drive, 8LS)
Batting: RHB Chris Chandler 0-0: Ball
1-0: Fly out, F8 (Flyball, 8LXD)
Bottom of the 8th over - 0 run(s), 2 hit(s), 0 error(s), 1 left on base; Toronto 2 - Kansas City 4
TOP OF THE 9TH
Toronto Titans batting - Pitching for Kansas City Kings : RHP Alonso Jiménez
Pitching: RHP Ray Watkins
Batting: RHB Cordell Gibson 0-0: Ball
1-0: Ball
2-0: Foul Ball, location: 2F
2-1: Ball
3-1: Foul Ball, location: 2F
3-2: Fly out, F2 (Popup, 2RF)
Batting: RHB Pedro Rosado 0-0: Swinging Strike
0-1: Ball
1-1: Swinging Strike
1-2: Strikes out swinging
Batting: LHB Kent MacDulothe 0-0: Ball
1-0: Called Strike
1-1: Fly out, F8 (Flyball, 8RD)
Top of the 9th over - 0 run(s), 0 hit(s), 0 error(s), 0 left on base; Toronto 2 - Kansas City 4
Monday, December 5th, 2016 - OOTP Baseball 17.12 Build 75